 Dungeon Crawl Stone Soup version 0.21.0-26-g889b8f6 (webtiles) character file.

1759 Sharkov the Spear-Bearer (level 9, -6/74 HPs)
             Began as a Merfolk Chaos Knight on Jan 27, 2018.
             Mangled by a wyvern (13 damage)
             ... on level 7 of the Dungeon.
             The game lasted 00:17:43 (4536 turns).

Sharkov the Spear-Bearer (Merfolk Chaos Knight)     Turns: 4536, Time: 00:17:44

Health: -6/74      AC:  8    Str: 14    XL:     9   Next: 7%
Magic:  9/9        EV: 14    Int: 12    God:    Xom [...*..]
Gold:   143        SH:  0    Dex: 14    Spells: 8/8 levels left

rFire    . . .     SeeInvis .   w - +1 trident
rCold    . . .     Gourm    .   (no shield)
rNeg     . . .     Faith    .   o - +0 scale mail
rPois    +         Spirit   .   (helmet restricted)
rElec    .         Reflect  .   (no cloak)
rCorr    .         Harm     .   f - +0 pair of gloves
MR       ++...                  (no boots)
Stlth    +.........             n - amulet of regeneration
HPRegen  0.62/turn              i - ring of Zammamm {+Fly rPois MR+ Stlth+}
MPRegen  0.11/turn              m - +2 ring of evasion

@: no status effects
A: change form in water, swift swim, stealthy swim, antennae 1, magic resistance
1, subdued magic 1
a: Renounce Religion, Evoke Flight


You were on level 7 of the Dungeon.
You worshipped Xom.
You were a favourite toy of Xom.
You were hungry.

You visited 1 branch of the dungeon, and saw 8 of its levels.

You collected 218 gold pieces.
You spent 75 gold pieces at shops.

Inventory:

Hand Weapons
 a - a cursed -2 mace
 g - a +2 dagger of venom
 l - a +2 whip of holy wrath
 w - a +1 trident (weapon)
Missiles
 d - 57 stones (quivered)
Armour
 f - a +0 pair of gloves (worn)
 h - +0 storm dragon scales
 k - a +0 chain mail
 o - a +0 scale mail (worn)
Magical Staves
 u - an uncursed staff of air
Jewellery
 i - the ring of Zammamm (left hand) {+Fly rPois MR+ Stlth+}
   (Xom gifted it to you on level 1 of the Dungeon)

   [ring of flight]

   It protects you from poison.
   It affects your resistance to hostile enchantments.
   It lets you fly.
   It makes you more stealthy.
 m - a +2 ring of evasion (right hand)
 n - an amulet of regeneration (around neck)
 v - an uncursed ring of stealth {unknown}
 y - a +2 ring of intelligence
 z - an uncursed ring of resist corrosion
Wands
 p - a wand of polymorph (10)
 t - a wand of iceblast (12)
 B - a wand of random effects (9)
Scrolls
 b - a scroll of silence {unknown}
 e - 4 scrolls of immolation
 q - a scroll of remove curse
 s - a scroll of enchant armour
Books
 r - a book of Maledictions

   Spells                             Type                      Level
   a - Corona                         Hexes                        1
   b - Ensorcelled Hibernation        Hexes/Ice                    2
   c - Confuse                        Hexes                        3
   d - Tukima's Dance                 Hexes                        3
   e - Dazzling Spray                 Conjuration/Hexes            3
Comestibles
 c - 8 rations


   Skills:
 - Level 8.0 Fighting
 + Level 10.2 Polearms
 * Level 4.1 Armour
 - Level 5.2 Dodging


You had 8 spell levels left.
You didn't know any spells.

Dungeon Overview and Level Annotations

Branches:
Dungeon (8/15)             Temple (0/1) D:4
   Lair: D:8-11

Altars:
Dithmenos
Ru
Sif Muna
Uskayaw

Shops:
D:6 ?   D:7 :

Annotations:
D:3 1994's ghost, amateur TeAE


Innate Abilities, Weirdness & Mutations

You revert to your normal form in water.
You are very nimble and swift while swimming.
You are very stealthy in the water. (Stealth+)
You have a pair of small antennae on your head.
You are resistant to hostile enchantments. (MR+)
Your spells are a little easier to cast, but a little less powerful.


Message History

As you read the scroll of fog, it crumbles to dust.
The scroll dissolves into smoke.
Found an animal skin.
You aren't carrying any potions.
Unknown command.
You hit the wyvern.
The wyvern is lightly wounded.
The wyvern barely misses you.
You closely miss the wyvern.
The wyvern is lightly wounded.
The wyvern closely misses you.
You hit the wyvern.
The wyvern is moderately wounded.
The wyvern bites you!
* * * LOW HITPOINT WARNING * * *
You barely miss the wyvern.
The wyvern is moderately wounded.
The wyvern bites you!
You die...
Xom laughs nastily!

#.#...#.# #.# #####.#...#.# #.#
### #...(.......# ####.#### #..
#....[##.#### #.......# #..
#........# #.##.##.# #..
#....[...# # #.##.# #..
#........##########.##....####..
###..###......##....[.##.........
.##ll#..>.....##@# #p..####..
...F...#...#.§##l###p......# #..
.....>[...[[.§§§§§§##.###### ##.
##........##.§##§#§## # #.
##..##.#..##..##.#.##.# ##
.#..##........##......#
....###.....######.#### .#..#
#.....# #..# ....# #.....# #.##


You could see a wyvern.

Vanquished Creatures
  The ghost of Agrougrou the Insei, a novice OpTm (D:5)
  An orc warrior (D:7)
  An ice beast (D:7)
  A sky beast (D:7)
  An ogre (D:7)
  A boggart (D:7)
  2 centaurs
  A bullfrog (D:6)
  A scorpion (D:5)
  3 wights (D:7)
  A centaur zombie (D:7)
  2 orc priests
  2 hounds
  A bullfrog skeleton (D:7)
  An iguana (D:4)
  3 orc wizards (D:5)
  2 worker ants
  A killer bee zombie (D:6)
  3 gnolls (D:5)
  8 adders
  A shadow imp (D:7)
  2 adder skeletons
  2 worms
  2 dart slugs
  2 leopard geckos
  11 orcs
  5 bats
  3 giant cockroaches
  8 goblins
  6 hobgoblins
  6 jackals
  A quokka (D:6)
  6 frilled lizards
  A giant cockroach zombie (D:5)
  5 kobolds
  A leopard gecko skeleton (D:4)
  A leopard gecko zombie (D:5)
  A quokka skeleton (D:4)
  2 quokka zombies
  4 rats
107 creatures vanquished.

Vanquished Creatures (collateral kills)
  Pikel (D:7)
  A sky beast (D:7)
  A bullfrog (D:7)
  An orc priest (D:7)
  An orc (D:7)
5 creatures vanquished.

Vanquished Creatures (others)
  3 slaves (D:7)
  An iguana (D:7)
4 creatures vanquished.

Grand Total: 116 creatures vanquished

Notes
Turn   | Place    | Note
-------+----------+-------------------------------------------
     0 | D:1      | Sharkov the Merfolk Chaos Knight began the quest for the Orb.
     0 | D:1      | Reached XP level 1. HP: 18/18 MP: 1/1
     6 | D:1      | Noticed a lindwurm
     6 | D:1      | Noticed a crocodile
     6 | D:1      | Noticed a polar bear
     6 | D:1      | Noticed a worker ant
     6 | D:1      | Noticed a wyvern
    36 | D:1      | XOM: harmless Summ miscast
    80 | D:1      | Reached XP level 2. HP: 24/24 MP: 2/2
    85 | D:1      | Reached skill level 5 in Polearms
   189 | D:1      | XOM: harmless Necr miscast
   458 | D:1      | Reached XP level 3. HP: 29/29 MP: 3/3
   584 | D:1      | XOM: harmless Hex miscast
   609 | D:2      | Reached skill level 6 in Polearms
   661 | D:2      | XOM: harmless Tloc miscast
   735 | D:1      | HP: 1/29 [poisoned by an adder]
   739 | D:1      | Xom revived you
   756 | D:1      | HP: 1/29 [poisoned by an adder]
   761 | D:1      | HP: 1/29 [poisoned by an adder]
   931 | D:1      | XOM: god gift: crude golden ring {god gift}
   932 | D:1      | Got a crude golden ring {god gift}
   933 | D:1      | Identified the ring of Zammamm {+Fly rPois MR+ Stlth+} (Xom gifted it to you on level 1 of the Dungeon)
  1097 | D:2      | XOM: cleaving
  1190 | D:2      | Reached XP level 4. HP: 26/35 MP: 4/4
  1418 | D:2      | Reached skill level 7 in Polearms
  1675 | D:2      | XOM: god gift: large brass ring {god gift}
  2054 | D:3      | XOM: 1-stop teleportation journey
  2084 | D:3      | Noticed 1994's ghost (amateur TeAE)
  2108 | D:3      | XOM: enchant monster (good)
  2151 | D:4      | Found a shadowy altar of Dithmenos.
  2189 | D:4      | XOM: confuse monster(s)
  2196 | D:4      | Reached XP level 5. HP: 42/42 MP: 5/5
  2337 | D:4      | XOM: chaos upgrade
  2347 | D:4      | Found a staircase to the Ecumenical Temple.
  2347 | D:4      | XOM: 5-stop teleportation journey
  2455 | D:4      | XOM: harmless Chrm miscast
  2483 | D:4      | Found a hide-covered altar of Uskayaw.
  2603 | D:5      | Entered Level 5 of the Dungeon
  2603 | D:5      | Found a sacrificial altar of Ru.
  2604 | D:5      | Reached skill level 5 in Fighting
  2604 | D:5      | Reached XP level 6. HP: 51/51 MP: 6/6
  2614 | D:5      | XOM: harmless Tloc miscast
  2620 | D:5      | XOM: harmless Conj miscast
  2624 | D:5      | Gained mutation: You are resistant to hostile enchantments. (MR+) [potion of mutation]
  2624 | D:5      | Gained mutation: Your spells are a little easier to cast, but a little less powerful. [potion of mutation]
  2624 | D:5      | Gained mutation: You have a pair of small antennae on your head. [potion of mutation]
  2649 | D:5      | Reached skill level 5 in Dodging
  2738 | D:5      | Noticed Agrougrou's ghost (novice OpTm)
  2750 | D:5      | XOM: polymorph worker ant -> worm
  2752 | D:5      | XOM: harmless Necr miscast
  2839 | D:4      | XOM: noise
  2888 | D:5      | Killed Agrougrou's ghost
  2888 | D:5      | Reached XP level 7. HP: 40/60 MP: 7/7
  3103 | D:6      | XOM: mild Erth miscast
  3249 | D:6      | XOM: noise
  3304 | D:6      | XOM: mild Tmut miscast
  3307 | D:6      | Found Wuolon's Magic Scroll Shoppe.
  3311 | D:6      | Bought a scroll of identify for 30 gold pieces
  3311 | D:6      | Bought a scroll of teleportation for 45 gold pieces
  3598 | D:5      | Found a deep blue altar of Sif Muna.
  3679 | D:5      | Reached skill level 1 in Armour
  3714 | D:5      | Noticed a two-headed ogre
  3720 | D:5      | XOM: noise
  3722 | D:5      | XOM: 3-stop teleportation journey
  3769 | D:6      | XOM: medium Summ miscast
  3770 | D:6      | Noticed an ice devil
  3778 | D:6      | XOM: swap monsters
  3787 | D:6      | Reached XP level 8. HP: 30/68 MP: 8/8
  3875 | D:7      | XOM: polymorph slave -> boggart
  3876 | D:7      | Noticed Pikel
  3879 | D:7      | XOM: enchant monster (good)
  3882 | D:7      | XOM: silly message
  3893 | D:7      | Reached skill level 8 in Polearms
  3909 | D:8      | Noticed a wyvern
  3909 | D:8      | Noticed a wyvern
  3913 | D:7      | Killed Pikel
  4036 | D:7      | Noticed a hippogriff
  4050 | D:7      | XOM: smoke on damage
  4056 | D:7      | Reached skill level 9 in Polearms
  4062 | D:7      | XOM: cleaving
  4076 | D:7      | XOM: confuse monster(s)
  4081 | D:7      | XOM: cleaving
  4162 | D:7      | XOM: 1-stop teleportation journey
  4190 | D:7      | Reached XP level 9. HP: 58/74 MP: 9/9
  4193 | D:7      | Reached skill level 10 in Polearms
  4346 | D:7      | Found Jun Wepa's Book Emporium.
  4371 | D:7      | Found a shadowy altar of Dithmenos.
  4536 | D:7      | Mangled by a wyvern

Skill      XL: |  1  2  3  4  5  6  7  8  9 |
---------------+----------------------------+-----
Polearms       | 5 6 7 9 10 | 10.2
Dodging        | 3 4 5 |  5.2
Fighting       | 4 5 7 8 |  8.0
Armour         | 1 3 4 |  4.1

Action                   |  1- 3 |  4- 6 |  7- 9 || total
-------------------------+-------+-------+-------++-------
Melee: Spear             |    30 |     8 |       ||    38
       Dagger            |    78 |    93 |       ||   171
       Trident           |       |    65 |   223 ||   288
Evoke: Wand              |       |     2 |     3 ||     5
  Use: Scroll            |     3 |     4 |    13 ||    20
       Potion            |     2 |     3 |     4 ||     9
 Stab: Petrifying        |     1 |       |       ||     1
       Sleeping          |     1 |       |       ||     1
       Confused          |       |     2 |     2 ||     4
       Distracted        |       |     1 |       ||     1
       Invisible         |       |       |     3 ||     3
  Eat: Ration            |     1 |     1 |     1 ||     3
       Chunk             |       |       |     1 ||     1
Armor: Leather armour    |    43 |    58 |     3 ||   104
       Scale mail        |       |       |    36 ||    36
Dodge: Dodged            |    78 |   147 |   154 ||   379
